 Dungeon Crawl Stone Soup version 0.29-a0-284-gf9362112df (webtiles) character file.

Game seed: 5578112245830880615

347 Oblizorion the Chopper (level 6, -7/53 HPs)
             Began as a Hill Orc Fighter on Mar 24, 2022.
             Was a Follower of Okawaru.
             Killed by divine providence
             ... invoked by an orc priest
              (14 damage)
             ... on level 4 of the Dungeon.
             The game lasted 00:16:53 (3167 turns).

Oblizorion the Chopper (Hill Orc Fighter)           Turns: 3167, Time: 00:16:55

Health: -7/53      AC: 13    Str: 21    XL:     6   Next: 59%
Magic:  6/6        EV: 13    Int:  8    God:    Okawaru [*.....]
Gold:   171        SH:  4    Dex: 10    Spells: 5/5 levels left

rFire   x . .      SeeInvis .   a - +0 war axe
rCold   + + .      Faith    .   c - +0 buckler
rNeg    . . .      Spirit   .   b - +0 ice dragon scales of the Hanged Man {Fly rF- rC++}
rPois   .          Reflect  .   h - +0 helmet
rElec   .          Harm     .   (no cloak)
rCorr   .          Rampage  .   (no gloves)
Will    .....                   f - +0 pair of boots
Stlth   ..........              (no amulet)
HPRegen 0.17/turn               e - +4 ring of evasion
MPRegen 0.10/turn               (no ring)

@: flying
A: no striking features
a: Renounce Religion, Convert to Beogh, Heroism


You were on level 4 of the Dungeon.
You worshipped Okawaru.
Okawaru was aware of your devotion.
You visited 1 branch of the dungeon, and saw 4 of its levels.

You collected 171 gold pieces.

Inventory:

Hand Weapons
 a - a +0 war axe (weapon)
Missiles
 n - 25 stones (quivered)
Armour
 b - the +0 ice dragon scales of the Hanged Man (worn) {Fly rF- rC++}
   (You acquired it on level 2 of the Dungeon)

   rF:        It makes you vulnerable to fire.
   rC:        It greatly protects you from cold.
   Fly:       It grants you flight.
 c - a +0 buckler (worn)
 f - a +0 pair of boots (worn)
 h - a +0 helmet (worn)
 i - a +0 chain mail
Jewellery
 e - a +4 ring of evasion (left hand)
Wands
 g - a wand of paralysis (3)
Scrolls
 j - 3 scrolls of identify {unknown}
 l - a scroll of blinking
 o - a scroll of enchant armour {unknown}
 p - a scroll of noise {unknown}
Potions
 d - a potion of might
 k - a potion of attraction {unknown}
 m - a potion of degeneration {unknown}


   Skills:
 + Level 4.6 Fighting
 + Level 6.8 Axes
 + Level 4.4 Armour
 + Level 0.5 Dodging
 + Level 0.8 Stealth
 + Level 3.8 Shields


You had 5 spell levels left.
You didn't know any spells.
Your spell library was empty.

Dungeon Overview and Level Annotations

Branches:
Dungeon (4/15)
 Temple: D:4-7

Altars:
Okawaru


Message History

The orc warrior hits you with a +0 scimitar.
You hit the orc warrior but do no damage.
The orc warrior is heavily wounded.
You miss something.
You hear some strange, mumbled words.
A magic dart appears from out of thin air!
The magic dart hits you but does no damage.
The orc warrior hits you with a +0 scimitar!
You closely miss the orc warrior.
The orc warrior is heavily wounded.
You slash something! Something hits you. You block the orc warrior's attack.
An orc priest comes into view. It is wielding a +0 dagger.
Something hits you but does no damage.
The orc warrior hits you with a +0 scimitar!
* * * LOW HITPOINT WARNING * * *
The orc priest shouts!
The orc priest shouts, "Join the one true god or die!" (press Y on the ability menu to convert to Beogh)
The orc warrior attacks as you move away!
The orc warrior closely misses you.
You hear a shout!
You miss something. Something hits you.
* * * LOW HITPOINT WARNING * * *
You barely miss something. Something hits you but does no damage.
Something hits you but does no damage.
A magic dart appears from out of thin air!
The magic dart hits you but does no damage.
Throw: 26 stones
Press: ? - help, Q - select action, (/) - cycle Shift-Dir - straight line, f/p - orc warrior
Aim: an orc warrior, wielding a +0 scimitar and wearing a +0 chain mail (heavily wounded, 53% to hit)
You throw a stone.
The stone closely misses the orc warrior.
You closely miss something. Something hits you but does no damage.
You miss something.
You hear some strange, mumbled words.
A puff of flame appears from out of thin air!
The puff of flame misses you.
The orc priest mumbles some strange prayers to Beogh against you.
Beogh smites you!
You die...

.......##
..##......#
..##......#####
..##..........
#>#........#
#.#........#
#.#......).#####
#.#............#
#@#.....o......#..
#{#.......<.......
#o#.......####....
#(o.o(.(.... ....
#...######.#####
... #... #+# ..
#... #... #...


You could see an orc warrior and an orc priest.

Vanquished Creatures
  An ice beast (D:3)
  The ghost of Pooter the Carver, an amateur GnWn of Qazlal (D:3)
  A phantom (D:3)
  4 adders
  2 worms (D:2)
  2 orcs (D:3)
  6 ball pythons
  2 bats
  9 endoplasms
  A giant cockroach (D:2)
  2 hobgoblins (D:3)
  2 quokkas
  A frilled lizard (D:3)
  7 goblins
  7 kobolds
  3 rats (D:1)
51 creatures vanquished.

Notes
Turn   | Place    | Note
-------+----------+-------------------------------------------
     0 | D:1      | Oblizorion the Hill Orc Fighter began the quest for the
                  | Orb.
     0 | D:1      | Reached XP level 1. HP: 19/19 MP: 1/1
   444 | D:1      | Reached XP level 2. HP: 27/27 MP: 2/2
   904 | D:2      | Identified a scroll of acquirement
   904 | D:2      | Acquired the +0 ice dragon scales of the Hanged Man {Fly
                  | rF- rC++}
   959 | D:2      | Reached skill level 3 in Axes
  1192 | D:2      | Reached XP level 3. HP: 33/33 MP: 3/3
  1729 | D:2      | Reached skill level 4 in Axes
  1747 | D:2      | Reached XP level 4. HP: 40/40 MP: 4/4
  2209 | D:3      | Noticed a phantom
  2354 | D:3      | Found an iron altar of Okawaru.
  2364 | D:3      | Became a worshipper of Warmaster Okawaru
  2395 | D:3      | Noticed an ice beast
  2420 | D:3      | Killed an ice beast
  2421 | D:3      | Reached skill level 5 in Axes
  2421 | D:3      | Reached XP level 5. HP: 42/46 MP: 5/5
  2443 | D:3      | Found a runed translucent gate.
  2443 | D:3      | Found a runed translucent gate.
  2443 | D:3      | Found a runed translucent gate.
  2444 | D:3      | Noticed Pooter's ghost (amateur GnWn)
  2568 | D:3      | Killed a phantom
  2569 | D:3      | Reached skill level 6 in Axes
  2569 | D:3      | Reached XP level 6. HP: 44/53 MP: 6/6
  2739 | D:3      | Reached * piety under Okawaru
  3049 | D:3      | Killed Pooter's ghost
  3144 | D:4      | Noticed an orc warrior
  3167 | D:4      | Killed from afar by an orc priest

Illustrated notes

Levels and vault maps discovered:
D:1:      dpeg_arrival_round_a, layout_basic
D:2:      layout_loops_corners, solitary_fountain, roderic_lattice_a
D:3:      layout_loops_ring, mainiacjoe_overflow_paths,
          ebering_ghost_rock_garden
D:4:      layout_basic, cheibrodos_ashenzari_chains

Skill      XL: |  1  2  3  4  5 |
---------------+----------------+-----
Axes           | 3 4 5 6 |  6.8
Fighting       | 4 |  4.6
Armour         | 4 |  4.4
Dodging        | |  0.5
Stealth        | |  0.8
Shields        | |  3.8

Action                   |  1- 3 |  4- 6 || total
-------------------------+-------+-------++-------
Melee: War axe           |    90 |    80 ||   170
Throw: Stone             |       |     5 ||     5
  Use: Scroll            |     2 |       ||     2
Armor: Scale mail        |    14 |       ||    14
       Ice dragon scales |    28 |    32 ||    60
       Skin              |     2 |       ||     2
Dodge: Dodged            |    55 |    35 ||    90
Block: Buckler           |    16 |    12 ||    28

Table legend: (Time is in decaauts)
 A = Elapsed time spent in this place.
 B = Non-inter-level travel time spent in this place.
 C = Inter-level travel time spent in this place.
 D = Time resting spent in this place.
 E = Time spent auto-exploring this place.
 F = Levels seen in this place.
 G = Mean time per level.
                   A        B        C        D        E       F      G
               +--------+--------+--------+--------+--------+-----+--------+
         Total |   3223 |   3044 |    179 |    513 |   1308 |   4 |  805.8 |
       Dungeon |   3223 |   3044 |    179 |    513 |   1308 |   4 |  805.8 |
               +--------+--------+--------+--------+--------+-----+--------+

Top non-repeatable levels by time:
     D:2: 1569 daAuts
     D:3: 830 daAuts
     D:1: 778 daAuts
     D:4: 44 daAuts
